 Seeded DCSS version 0.31-a0-1591-g515db51 (webtiles) character file.

Game seed: 6425746891301804789 (custom seed)

9 porkupine the Vexing (level 2, 0/23 HPs)
             Began as a Draconian Hexslinger on Jan 6, 2024.
             Slain by a hobgoblin (2 damage)
             ... on level 1 of the Dungeon.
             The game lasted 00:02:34 (136 turns).

porkupine the Vexing (Draconian Hexslinger)          Turns: 136, Time: 00:02:34

Health: 0/23       AC:  4    Str: 10    XL:     2   Next: 6%
Magic:  1/3        EV: 12    Int: 13    God:
Gold:   15         SH:  0    Dex: 13    Spells: 1/3 levels left

rFire   . . .        b - +0 dagger
rCold   . . .        (no shield)
rNeg    . . .        (body armour unavailable)
rPois   .            (helmet restricted)
rElec   .            (no cloak)
rCorr   .            (no gloves)
SInv    .            (no boots)
Will    .....        (no amulet)
Stlth   +            (no ring)
HPRegen 0.23/turn    (no ring)
MPRegen 0.08/turn

%: no passive effects
@: weak-willed
A: AC +4, unfitting armour, cold-blooded
a: no special abilities


You were on level 1 of the Dungeon.
You visited 1 branch of the dungeon, and saw 1 of its levels.

You collected 15 gold pieces.

Inventory:

Hand Weapons
 a - a +1 sling
 b - a +0 dagger (weapon)
Scrolls
 c - a scroll of poison


   Skills:
 + Level 1.4 Fighting
 + Level 1.9 Ranged Weapons
 + Level 1.9 Dodging
 + Level 1.1 Spellcasting
 + Level 2.8 Hexes
 + Level 1.2 Fire Magic


You had one spell level left.
You knew the following spells:

 Your Spells              Type           Power      Damage    Failure   Level
a - Jinxbite              Hex            16%        N/A       13%         2

Your spell library contained the following spells:

 Spells                   Type           Power      Damage    Failure   Level
 Sigil of Binding         Hex            8%         N/A       26%         3
 Inner Flame              Hex/Fire       5%         N/A       36%         3
 Cause Fear               Hex            4%         N/A       65%         4
 Dimensional Bullseye     Hex/Tloc       2%         N/A       83%         4


Dungeon Overview and Level Annotations

Branches:
Dungeon (1/15)

Altars:


Innate Abilities, Weirdness & Mutations

Your plain brown scales are hard. (AC +4)
You cannot fit into any form of body armour.
You are cold-blooded and may be slowed by cold attacks.


Message History

The quokka bites you.
Casting: Jinxbite (safe; 13% risk of failure)
Confirm with . or Enter, or press ? or * to list all spells.
You don't know that spell.
b - a +0 dagger (weapon)
You barely miss the goblin. The quokka bites you. The kobold barely misses you.
The goblin barely misses you. The hobgoblin closely misses you.
You barely miss the goblin.
A giggling sprite leaps out and smacks the goblin with its own hand.
The goblin is severely wounded.
The quokka barely misses you. The kobold hits you with a +0 mace.
The goblin hits you but does no damage. The hobgoblin barely misses you.
The quokka barely misses you.
You closely miss the goblin.
Your tail-slap misses the goblin.
The goblin is severely wounded.
A giggling sprite leaps out and bonks the goblin with its +0 club.
You kill the goblin!
The jinxing sprites lose interest in you.
The kobold misses you. The hobgoblin misses you. The quokka bites you.
You completely miss the quokka. The kobold closely misses you.
The hobgoblin barely misses you. The quokka closely misses you.
Casting: Jinxbite (safe; 13% risk of failure)
Confirm with . or Enter, or press ? or * to list all spells.
You don't have enough magic to cast this spell.
You closely miss the quokka.
Your tail-slap misses the quokka.
The quokka closely misses you. The kobold hits you with a +0 mace.
* * * LOW HITPOINT WARNING * * *
The hobgoblin barely misses you.
You aren't carrying any potions.
Unknown command.
Okay, then.
You hit the quokka but do no damage. The quokka closely misses you.
The kobold hits you with a +0 mace.
* * * LOW HITPOINT WARNING * * *
The hobgoblin misses you.
You closely miss the quokka. The quokka barely misses you.
The kobold hits you with a +0 mace.
* * * LOW HITPOINT WARNING * * *
The hobgoblin hits you.
You die...

#....###.......####.#♣#.
...## #.....).†'..#÷#♣#.
.....###........##.#.#♣#.
...........######.#.#♣#.
#######....# #...#.# #.
#....# #.#.'.#♣#.
###+###....# #.#####♣#.
...........# #.# ♣#.
##....$@...# #.# #.
+....rgK..# #.# ♣#.
#.....r...# #.# ♣#.
+.........# #.# #.
#.....$...# #.# #.
#.###†#'#.# #. ... #.
.... +. .. .. ..... ##


You could see a quokka, a hobgoblin, a kobold and a rat.

Vanquished Creatures
  A dart slug (D:1)
  3 goblins (D:1)
  2 jackals (D:1)
  A rat (D:1)
7 creatures vanquished.

Notes
Turn   | Place    | Note
-------+----------+-------------------------------------------
     0 | D:1      | porkupine the Draconian Hexslinger began the quest for the
                  | Orb.
     0 | D:1      | Reached XP level 1. HP: 16/16 MP: 2/2
    97 | D:1      | Found a faded altar of an unknown god.
   117 | D:1      | Reached XP level 2. HP: 23/23 MP: 3/3
   120 | D:1      | Learned a level 2 spell: Jinxbite
   136 | D:1      | Slain by a hobgoblin

Illustrated notes

Levels and vault maps discovered:
D:1:      beargit_arrival_diablo_church, layout_basic,
          shapermc_ecumenical_altar_venn

Action                     || total
---------------------------++-------
  Melee: Dagger            ||     7
   Fire: Sling             ||    23
   Cast: Jinxbite          ||     1
 Armour: Skin              ||    18
  Dodge: Dodged            ||    30

Table legend: (Time is in decaauts)
 A = Elapsed time spent in this place.
 B = Non-inter-level travel time spent in this place.
 C = Inter-level travel time spent in this place.
 D = Time resting spent in this place.
 E = Time spent auto-exploring this place.
 F = Levels seen in this place.
 G = Mean time per level.
                   A        B        C        D        E       F      G
               +--------+--------+--------+--------+--------+-----+--------+
         Total |    142 |    141 |      1 |      0 |     82 |   1 |  142.0 |
       Dungeon |    142 |    141 |      1 |      0 |     82 |   1 |  142.0 |
               +--------+--------+--------+--------+--------+-----+--------+

Top non-repeatable levels by time:
     D:1: 142 daAuts
